 Dungeon Crawl Stone Soup version 0.27-a0-343-gfcad680f63 (webtiles) character file.

Game seed: 2151442579671009872

12654 jestyr24 the Eclecticist (level 11, -6/56 HPs)
             Began as a Deep Elf Conjurer on Feb 15, 2021.
             Was an Elder of Sif Muna.
             Mangled by an orc knight
             ... wielding a +0 glaive
              (50 damage)
             ... in a bailey.
             The game lasted 01:42:49 (12058 turns).

jestyr24 the Eclecticist (Deep Elf Conjurer)       Turns: 12058, Time: 01:42:53

Health: -6/56      AC:  5    Str: 10    XL:     11   Next: 65%
Magic:  5/33       EV: 16    Int: 27    God:    Sif Muna [****..]
Gold:   409        SH:  7    Dex: 16    Spells: 28/42 levels left

rFire    + . .     SeeInvis .   C - +8 short sword of Capital Punishment {drain, rN+ Dex+3}
rCold    . . .     Faith    .   o - +2 buckler
rNeg     + . .     Spirit   .   t - +2 robe {rF+}
rPois    .         Reflect  .   F - +0 hat {Stlth+}
rElec    .         Harm     .   i - scarf {+Inv}
rCorr    .         Rampage  .   (no gloves)
Will     +....                  k - +0 pair of boots
Stlth    ++++......             A - amulet of regeneration
HPRegen  1.18/turn              y - +6 ring of strength
MPRegen  0.23/turn              I - ring of flight

@: no status effects
A: no striking features
a: Renounce Religion, Evoke Invisibility, Evoke Flight, Channel Magic, Forget
Spell, Divine Exegesis


You were in a bailey.
You worshipped Sif Muna.
Sif Muna was greatly pleased with you.
You visited 2 branches of the dungeon, and saw 12 of its levels.
You also visited: Bailey.

You collected 409 gold pieces.

Inventory:

Hand Weapons
 w - a +3 dagger of venom
 C - the +8 short sword of Capital Punishment (weapon) {drain, rN+ Dex+3}
   (You took it off a gnoll on level 5 of the Dungeon)

   A truly terrible weapon, it drains the life of those it strikes.
   It affects your dexterity (+3).
   It protects you from negative energy.
 D - a +3 war axe
Missiles
 g - 18 boomerangs
 u - 55 poisoned darts (quivered)
 N - a curare-tipped dart
Armour
 h - a +0 kite shield
 i - a scarf of invisibility (worn)
 k - a +0 pair of boots (worn)
 m - a +3 leather armour
 o - a +2 buckler (worn)
 t - a +2 robe of fire resistance (worn)
 F - a +0 hat of stealth (worn)
Jewellery
 y - a +6 ring of strength (left hand)
 A - an amulet of regeneration (around neck)
 I - a ring of flight (right hand)
Wands
 a - a wand of polymorph (4)
 n - a wand of random effects (14)
 s - a wand of flame (36)
 G - a wand of charming (13)
 J - a wand of iceblast (6)
 K - a wand of paralysis (8)
Scrolls
 b - a scroll of noise {unknown}
 c - 4 scrolls of blinking {unknown}
 d - 5 scrolls of teleportation {unknown}
 e - 2 scrolls of enchant armour {unknown}
 f - 2 scrolls of enchant weapon {unknown}
 j - a scroll of summoning {unknown}
 l - 2 scrolls of fog {unknown}
 p - 6 scrolls of identify {unknown}
 q - a scroll of immolation {unknown}
 r - 3 scrolls of amnesia {unknown}
 B - a scroll of vulnerability {unknown}
 E - a scroll of holy word {unknown}
 M - a scroll of acquirement {unknown}
Potions
 v - 3 potions of degeneration {unknown}
 x - a potion of berserk rage {unknown}
 z - 2 potions of curing
 H - a potion of mutation {unknown}
 L - a potion of flight {unknown}


   Skills:
 + Level 1.2 Fighting
 + Level 6.7 Dodging
 + Level 7.4 Stealth
 - Level 4.0 Shields
 * Level 16.1 Spellcasting
 + Level 10.8 Conjurations
 + Level 3.5 Hexes
 + Level 1.1 Air Magic
 + Level 2.1 Poison Magic


You had 28 spell levels left.
You knew the following spells:

 Your Spells              Type           Power        Failure   Level
a - Magic Dart            Conj           100%         1%          1
b - Searing Ray           Conj           100%         1%          2
c - Fulminant Prism       Conj/Hex       28%          1%          4
d - Mephitic Cloud        Conj/Pois/Air  47%          1%          3
e - Cause Fear            Hex            20%          5%          4

Your spell library contained the following spells:

 Spells                   Type           Power        Failure   Level
 Corona                   Hex            44%          1%          1
 Sting                    Tmut/Pois      100%         1%          1
 Poisonous Vapours        Pois/Air       60%          1%          2
 Slow                     Hex            40%          1%          2
 Dazzling Flash           Conj/Hex       100%         1%          3
 Iskenderun's Mystic Bla  Conj/Tloc      50%          2%          4
 Inner Flame              Hex/Fire       31%          3%          3
 Portal Projectile        Hex/Tloc       62%          3%          3
 Ignite Poison            Fire/Tmut/Pois 25%          5%          3
 Olgreb's Toxic Radiance  Pois           33%          10%         4
 Leda's Liquefaction      Hex/Erth       15%          11%         4


Dungeon Overview and Level Annotations

Branches:
Dungeon (11/15)            Temple (1/1) D:5             Orc (0/2) D:10
 Bailey (1/1)
   Lair: D:8-11

Altars:
Ashenzari
Cheibriados
Dithmenos
Elyvilon
Fedhas
Gozag
Hepliaklqana
Makhleb
Nemelex Xobeh
Okawaru
Qazlal
Ru
Sif Muna
Trog
Zin

Annotations:
D:4 2 transporters, foci's ghost, amateur GrFi
D:8 3 runed translucent doors, gimp's ghost, journeyman TrEE


Message History

The orc warrior no longer looks unusually strong.
The orc knight no longer looks unusually strong.
The orc knight roars a battlecry!
The orc warrior goes into a battle-frenzy!
You hear a shout!
Casting: Magic Dart (safe; 1% risk of failure)
Confirm with . or Enter, or press ? or * to list all spells.
Aiming: Fulminant Prism (dangerous; 1% risk of failure)
Press: ? - help, Dir - move target You conjure a prism of explosive energy!
The orc warrior shouts!
A fulminant prism comes into view.
The orc warrior no longer looks unusually strong.
The orc warrior hits your fulminant prism but does no damage.
An orc knight comes into view. It is wielding a +0 glaive.
Casting: Fulminant Prism (dangerous; 1% risk of failure)
Confirm with . or Enter, or press ? or * to list all spells.
Aiming: Mephitic Cloud (safe; 1% risk of failure)
Press: ? - help, Shift-Dir - straight line The ball explodes into a vile cloud!
The stinking cloud engulfs the orc knight but does no damage.
The orc knight hits you from afar with a +0 glaive!
The orc knight roars a battlecry!
The orcs go into a battle-frenzy!
Your fulminant prism crackles loudly.
Casting: Mephitic Cloud (safe; 1% risk of failure)
Confirm with . or Enter, or press ? or * to list all spells.
Aiming: Searing Ray (safe; 1% risk of failure)
Press: ? - help, Shift-Dir - straight line, f - orc warrior
Aim: an orc warrior, wielding a +0 halberd and wearing a +0 scale mail (strong, ally target, 21% to evade)
The searing ray hits the orc knight!
The orc knight is lightly wounded.
The searing ray hits the orc warrior!
The orc warrior is heavily wounded. (Press . to maintain the ray.)
The orc knight roars a battlecry!
The orc knight goes into a battle-frenzy!
The orc knight hits you from afar with a +0 glaive!!!
Ouch! That really hurt!
You die...

#### ##∩## ####
....##...##....
≈≈≈).#...#..≈≈≈
≈o≈≈...○...≈≈o≈
oo≈....o.*≈o
≈.)o.○o. #...#
#.∩@# ##∩## ###


You could see 3 orc knights, 3 orc warriors and a friendly fulminant prism.

Vanquished Creatures
  Gastronok (D:9)
  Erica (D:9)
  2 two-headed ogres (D:9)
  A deep elf zephyrmancer (D:9)
  A queen bee (D:8)
  A troll (D:10)
  Prince Ribbit (D:7)
  Sigmund (D:2)
  Eustachio (D:4)
  A vampire (D:10)
  A wraith (D:10)
  A hog (shapeshifter) (D:10)
  Grum (D:9)
  4 vampire mosquitoes (D:9)
  Edmund (D:4)
  2 soldier ants (D:6)
  10 orc warriors
  A black bear (D:5)
  5 sky beasts
  8 ogres
  3 wolves (D:9)
  6 centaurs
  4 phantoms
  2 bullfrogs
  3 kobold brigands
  2 gnoll sergeants (D:10)
  4 scorpions
  A water moccasin skeleton (D:10)
  21 killer bees
  4 wights (D:8)
  A quasit (D:10)
  A centaur zombie (D:5)
  A gnoll shaman (D:5)
  2 hounds
  Crazy Yiuf (D:2)
  A centaur skeleton (D:4)
  5 jellies
  2 orc priests
  A bullfrog skeleton (D:5)
  Jessica (D:2)
  An iguana (D:8)
  Ijyb (D:4)
  Natasha (thrice) (D:4)
  13 orc wizards
  15 worker ants
  A hound skeleton (D:5)
  A howler monkey zombie (D:5)
  A howler monkey skeleton (D:4)
  9 adders
  12 gnolls
  A shadow imp (D:9)
  An ufetubus (D:10)
  An ooze (D:5)
  5 adder skeletons
  A dart slug (D:1)
  11 leopard geckos
  38 orcs
  4 ball pythons
  3 giant cockroaches
  13 goblins
  A hobgoblin (D:2)
  4 jackals (D:5)
  6 kobolds
  2 quokkas
  5 bats
  5 frilled lizards
  A jackal skeleton (D:7)
  8 rats
  2 butterflies (D:6)
280 creatures vanquished.

Vanquished Creatures (others)
  35 fulminant prisms
  42 plants
77 creatures vanquished.

Grand Total: 357 creatures vanquished

Notes
Turn   | Place    | Note
-------+----------+-------------------------------------------
     0 | D:1      | jestyr24 the Deep Elf Conjurer began the quest for the Orb.
     0 | D:1      | Reached XP level 1. HP: 10/10 MP: 6/6
   170 | D:1      | Reached XP level 2. HP: 15/15 MP: 2/8
   373 | D:1      | Reached skill level 5 in Conjurations
   559 | D:1      | Learned a level 2 spell: Searing Ray
  1044 | D:2      | Found a runed translucent door.
  1045 | D:2      | Noticed Crazy Yiuf
  1051 | D:2      | Killed Crazy Yiuf
  1052 | D:2      | Reached XP level 3. HP: 19/19 MP: 5/10
  1175 | D:2      | Reached XP level 4. HP: 24/24 MP: 6/11
  1318 | D:2      | Noticed Sigmund
  1324 | D:2      | Killed Sigmund
  1325 | D:2      | Reached skill level 4 in Spellcasting
  1325 | D:2      | Reached XP level 5. HP: 28/28 MP: 4/14
  1678 | D:2      | Noticed Jessica
  1692 | D:2      | Killed Jessica
  1848 | D:2      | Reached skill level 5 in Spellcasting
  1848 | D:2      | Reached XP level 6. HP: 32/32 MP: 11/15
  2204 | D:3      | You fall into a shaft and drop 1 floor!
  2212 | D:4      | Found a transporter.
  2213 | D:4      | Noticed foci's ghost (amateur GrFi)
  2282 | D:4      | Noticed Edmund
  2313 | D:4      | Killed Edmund
  2314 | D:4      | Reached skill level 6 in Spellcasting
  2614 | D:4      | Found a transporter.
  2660 | D:4      | Reached XP level 7. HP: 22/36 MP: 14/18
  3075 | D:4      | Reached skill level 7 in Spellcasting
  3123 | D:4      | Noticed Ijyb
  3126 | D:4      | Killed Ijyb
  3221 | D:4      | Noticed Eustachio
  3232 | D:4      | Killed Eustachio
  3233 | D:4      | Reached skill level 5 in Stealth
  3437 | D:4      | Noticed Natasha
  3451 | D:4      | Killed Natasha
  3500 | D:4      | Reached XP level 8. HP: 41/41 MP: 17/21
  3501 | D:4      | Reached skill level 8 in Spellcasting
  3730 | D:4      | Noticed Natasha
  3734 | D:4      | Killed Natasha
  4038 | D:4      | Noticed Natasha
  4042 | D:4      | Killed Natasha
  4061 | D:5      | Entered Level 5 of the Dungeon
  4171 | D:5      | Found a sacrificial altar of Ru.
  4381 | D:5      | Reached skill level 1 in Shields
  4745 | D:5      | Reached skill level 9 in Spellcasting
  4849 | D:5      | Found a staircase to the Ecumenical Temple.
  4855 | Temple   | Entered the Ecumenical Temple
  5192 | D:5      | Found a shimmering blue altar of Sif Muna.
  5309 | D:5      | Learned a level 4 spell: Fulminant Prism
  5395 | D:5      | Identified the +8 short sword of Capital Punishment {drain,
                  | rN+ Dex+3}
  5885 | D:5      | Became a worshipper of Sif Muna the Loreminder
  5907 | D:6      | Learned a level 3 spell: Mephitic Cloud
  6031 | D:6      | Reached skill level 10 in Spellcasting
  6031 | D:6      | Reached XP level 9. HP: 45/45 MP: 18/25
  6313 | D:6      | Found a runed translucent door.
  6314 | D:6      | Found a runed translucent door.
  6326 | D:6      | Reached skill level 5 in Dodging
  6329 | D:6      | Reached skill level 11 in Spellcasting
  6528 | D:6      | Reached * piety under Sif Muna
  7016 | D:7      | Found a sparkling altar of Nemelex Xobeh.
  7268 | D:7      | Reached skill level 1 in Hexes
  7545 | D:7      | Reached skill level 12 in Spellcasting
  7565 | D:7      | Noticed Prince Ribbit
  7574 | D:7      | Killed Prince Ribbit
  8197 | D:8      | Reached XP level 10. HP: 51/51 MP: 19/28
  8253 | D:8      | Reached ** piety under Sif Muna
  8542 | D:8      | Reached skill level 13 in Spellcasting
  8805 | D:8      | Found a runed translucent gate.
  8805 | D:8      | Found a runed translucent gate.
  8805 | D:8      | Found a runed translucent gate.
  8810 | D:8      | Noticed gimp's ghost (journeyman TrEE)
  9090 | D:9      | Noticed Grum
  9097 | D:9      | Killed Grum
  9183 | D:9      | Noticed a two-headed ogre
  9191 | D:9      | Killed a two-headed ogre
  9192 | D:9      | Reached skill level 1 in Fighting
  9192 | D:9      | Reached skill level 10 in Conjurations
  9238 | D:9      | Noticed Gastronok
  9546 | D:9      | Found a broken altar of Ashenzari.
  9734 | D:9      | Noticed a two-headed ogre
  9741 | D:9      | Killed a two-headed ogre
  9742 | D:9      | Reached skill level 14 in Spellcasting
  9911 | D:9      | Reached *** piety under Sif Muna
 10114 | D:9      | Killed Gastronok
 10115 | D:9      | Reached skill level 15 in Spellcasting
 10115 | D:9      | Reached skill level 1 in Poison Magic
 10115 | D:9      | Reached XP level 11. HP: 56/56 MP: 6/32
 10289 | D:9      | Found a shadowy altar of Dithmenos.
 10408 | D:9      | Noticed Erica
 10424 | D:9      | Killed Erica
 10425 | D:9      | Reached skill level 1 in Air Magic
 10802 | D:9      | Learned a level 4 spell: Cause Fear
 10840 | D:10     | Entered Level 10 of the Dungeon
 10840 | D:10     | Noticed a deep elf zephyrmancer
 11001 | D:9      | Killed a deep elf zephyrmancer
 11342 | D:10     | Found a staircase to the Orcish Mines.
 11954 | D:11     | Reached skill level 16 in Spellcasting
 12010 | D:11     | Found a flagged portal.
 12030 | D:11     | Reached **** piety under Sif Muna
 12036 | Bailey   | Entered a bailey
 12036 | Bailey   | Noticed an orc knight
 12038 | Bailey   | Noticed an orc knight
 12040 | Bailey   | Noticed an orc knight
 12056 | Bailey   | Noticed an orc knight
 12058 | Bailey   | Mangled by an orc knight

Illustrated notes

Levels and vault maps discovered:
D:1:      nzn_arrival_crosshair, layout_loops_ring
D:2:      layout_basic, uniq_sigmund, uniq_crazy_yiuf_cottage, uniq_jessica
D:3:      layout_loops_corners, overflow_temple_1_default,
          grunt_temple_overflow_open, serial_aquarium, aquarium_bridge_straight
          [aquarium_subvault_bridge, aquarium_subvault_wall,
          aquarium_subvault_bridge, aquarium_subvault_wall],
          aquarium_bridge_square [aquarium_subvault_bridge,
          aquarium_subvault_bridge, aquarium_subvault_bridge,
          aquarium_subvault_wall], aquarium_window_fake, aquarium_window_2,
          aquarium_window_1, aquarium_window_fake, aquarium_view_2a,
          aquarium_view_2f, aquarium_balcony_5b, aquarium_pool_2
D:4:      layout_cave_pods, gammafunk_ghost_smash, uniq_edmund, uniq_natasha,
          uniq_eustachio, uniq_ijyb
D:5:      layout_cave_pools, lemuel_round_altar, led_sif_pool,
          minmay_temple_entry_enclosed_plants
D:6:      lemuel_insect_pit, layout_loops_ring, grunt_ministairs_14
D:7:      layout_layer_cave, basic_altar, dk_noncrumbling_3, uniq_prince_ribbit1
D:8:      layout_loops_ring, gammafunk_ghost_spectres,
          nicolae_looking_at_the_future
D:9:      layout_loops_corners, cheibrodos_ashenzari_chains,
          grunt_dithmenos_smoke_and_mirrors, uniq_erica, uniq_gastronok,
          uniq_grum
D:10:     layout_rooms, kennysheep_orc_monster_closet_entryway,
          minmay_chambers_of_fives
D:11:     layout_irregular_city, due_lair_maze_entry_diamond, enter_bailey_3,
          minmay_misc_feat_rugged, uniq_maurice
Temple:   dpeg_chambers_temple
Bailey:   bailey_polearm_4, bailey

Skill      XL: |  1  2  3  4  5  6  7  8  9 10 11 |
---------------+----------------------------------+-----
Conjurations   | 5 6 7 8 9 10 | 10.8
Stealth        | 3 4 5 6 7 |  7.4
Spellcasting   | 4 5 6 7 10 12 15 16 | 16.1
Dodging        | 3 4 5 6 |  6.7
Shields        | 1 3 4 |  4.0
Hexes          | 1 2 3 |  3.5
Fighting       | 1 |  1.2
Poison Magic   | 1 2 |  2.1
Air Magic      | 1 |  1.1

Action                   |  1- 3 |  4- 6 |  7- 9 | 10-12 || total
-------------------------+-------+-------+-------+-------++-------
Melee: Dagger            |     1 |     6 |    36 |       ||    43
       Quarterstaff      |       |     1 |       |       ||     1
       Unarmed           |       |    19 |       |       ||    19
       Short sword       |       |       |    19 |    16 ||    35
Throw: Dart              |       |       |     5 |       ||     5
 Cast: Magic Dart        |    38 |    18 |    42 |    11 ||   109
       Searing Ray       |     5 |    15 |    79 |    74 ||   173
       Fulminant Prism   |       |       |     5 |    31 ||    36
       Mephitic Cloud    |       |       |       |    17 ||    17
  Use: Potion            |       |     4 |       |     1 ||     5
 Stab: Sleeping          |       |     3 |     3 |       ||     6
       Confused          |       |     4 |       |       ||     4
Armor: Robe              |       |     4 |    18 |     9 ||    31
Dodge: Dodged            |     1 |    10 |    50 |    54 ||   115
Block: Buckler           |       |       |    25 |    35 ||    60

Table legend: (Time is in decaauts)
 A = Elapsed time spent in this place.
 B = Non-inter-level travel time spent in this place.
 C = Inter-level travel time spent in this place.
 D = Time resting spent in this place.
 E = Time spent auto-exploring this place.
 F = Levels seen in this place.
 G = Mean time per level.
                   A        B        C        D        E       F      G
               +--------+--------+--------+--------+--------+-----+--------+
         Total |  12063 |  11273 |    790 |   3257 |   4955 |  13 |  927.9 |
       Dungeon |  11746 |  11019 |    727 |   3257 |   4737 |  11 | 1067.8 |
        Temple |    295 |    232 |     63 |      0 |    218 |   1 |  295.0 |
        Bailey |     21 |     21 |      0 |      0 |      0 |   1 |   21.0 |
               +--------+--------+--------+--------+--------+-----+--------+

Top non-repeatable levels by time:
     D:4: 2332 daAuts
     D:9: 1952 daAuts
     D:8: 1192 daAuts
     D:6: 1106 daAuts
     D:5: 1063 daAuts
     D:1: 1053 daAuts
     D:2: 1009 daAuts
     D:7: 905 daAuts
    D:10: 905 daAuts
  Temple: 295 daAuts
     D:3: 138 daAuts
    D:11: 86 daAuts
  Bailey: 21 daAuts
